 Dungeon Crawl Stone Soup version 0.28-a0-1387-g3a22ab9bdc (webtiles) character file.

Game seed: 7229541667098542252

252 Deminshera the Vandal (level 5, -7/28 HPs)
             Began as a Spriggan Hunter on Jan 2, 2022.
             Killed from afar by Duvessa (8 damage)
             ... with a puff of flame
             ... on level 4 of the Dungeon.
             The game lasted 00:04:10 (3318 turns).

Deminshera the Vandal (Spriggan Hunter)             Turns: 3318, Time: 00:04:11

Health: -7/28      AC:  4    Str:  8    XL:     5   Next: 89%
Magic:  6/6        EV: 19    Int: 12    God:
Gold:   148        SH:  0    Dex: 18    Spells: 4/4 levels left

rFire   . . .      SeeInvis +   a - +1 hunting sling
rCold   . . .      Faith    .   (no shield)
rNeg    . . .      Spirit   .   c - +0 robe
rPois   .          Reflect  .   k - +2 hat {Will+}
rElec   .          Harm     .   (no cloak)
rCorr   .          Rampage  .   (gloves unavailable)
Will    +....                   (boots unavailable)
Stlth   +++.......              (no amulet)
HPRegen 0.09/turn               (no ring)
MPRegen 0.10/turn               (no ring)

@: very quick
A: very small, no large weapons, unfitting armour, see invisible, speed 3
a: no special abilities


You were on level 4 of the Dungeon.
You visited 1 branch of the dungeon, and saw 4 of its levels.

You collected 148 gold pieces.

Inventory:

Hand Weapons
 a - a +1 hunting sling (weapon)
 b - a +0 short sword
Missiles
 d - 10 sling bullets (quivered ammo)
 f - 55 stones
Armour
 c - a +0 robe (worn)
 k - a +2 hat of willpower (worn)
Scrolls
 g - 4 scrolls of identify {unknown}
Potions
 e - a potion of resistance {unknown}
 h - a potion of heal wounds {unknown}
 i - 2 potions of mutation {unknown}
 j - a potion of haste {unknown}
 l - 2 potions of curing {unknown}
 m - a potion of lignification {unknown}
 n - a potion of degeneration {unknown}


   Skills:
 + Level 3.0 Fighting
 + Level 6.1 Slings
 - Level 4.0 Dodging
 + Level 4.9 Stealth


You had 4 spell levels left.
You didn't know any spells.
Your spell library was empty.

Dungeon Overview and Level Annotations

Branches:
Dungeon (4/15)
 Temple: D:4-7

Altars:

Shops:
D:1 *

Annotations:
D:4 Dowan, Duvessa


Innate Abilities, Weirdness & Mutations

You are very small and have problems with some larger weapons.
You are too small for most types of armour.
You have supernaturally acute eyesight. (SInv)
You cover ground extremely quickly. (Speed+++)


Message History

Duvessa says, "When magic and the sword combine, nothing stands against them."
Duvessa zaps a wand.
The puff of flame hits you!
* * * LOW HITPOINT WARNING * * *
Fire: 16 sling bullets
Press: ? - help, Q - select action, (/) - cycle Shift-Dir - straight line, f/p - Duvessa
Aim: Duvessa, wielding a +0 short sword, wearing a +0 ring mail and carrying a wand of flame (16) (moderately wounded, 72% to hit)
You shoot a sling bullet.
The sling bullet completely misses Duvessa.
Fire: 15 sling bullets
Press: ? - help, Q - select action, (/) - cycle Shift-Dir - straight line, f/p - Duvessa
Aim: Duvessa, wielding a +0 short sword, wearing a +0 ring mail and carrying a wand of flame (16) (moderately wounded, 72% to hit)
You shoot a sling bullet.
The sling bullet hits Duvessa but does no damage.
Duvessa is moderately wounded.
Duvessa zaps a wand.
The puff of flame misses you.
Fire: 14 sling bullets
Press: ? - help, Q - select action, (/) - cycle Shift-Dir - straight line, f/p - Duvessa
Aim: Duvessa, wielding a +0 short sword, wearing a +0 ring mail and carrying a wand of flame (15) (moderately wounded, 72% to hit)
You shoot a sling bullet.
The sling bullet hits Duvessa but does no damage.
Duvessa is moderately wounded.
Fire: 13 sling bullets
Press: ? - help, Q - select action, (/) - cycle Shift-Dir - straight line, f/p - Duvessa
Aim: Duvessa, wielding a +0 short sword, wearing a +0 ring mail and carrying a wand of flame (15) (moderately wounded, 72% to hit)
You shoot a sling bullet. The sling bullet barely misses Duvessa.
Unknown command.
Fire: 12 sling bullets
Press: ? - help, Q - select action, (/) - cycle Shift-Dir - straight line, f/p - Duvessa
Aim: Duvessa, wielding a +0 short sword, wearing a +0 ring mail and carrying a wand of flame (15) (moderately wounded, 72% to hit)
You shoot a sling bullet. The sling bullet hits Duvessa.
Duvessa is moderately wounded.
Fire: 11 sling bullets
Press: ? - help, Q - select action, (/) - cycle Shift-Dir - straight line, f/p - Duvessa
Aim: Duvessa, wielding a +0 short sword, wearing a +0 ring mail and carrying a wand of flame (15) (moderately wounded, 72% to hit)
You shoot a sling bullet. The sling bullet hits Duvessa!
Duvessa is severely wounded.
Duvessa zaps a wand.
The puff of flame hits you.
* * * LOW HITPOINT WARNING * * *
Duvessa zaps a wand.
The puff of flame hits you!
You die...

#...(........#..##.#(.##
####.......#....##.####...##
...........#.......# #.(.#.##
....(..............###.(##..## #
...(###...##...##..(.##......#.##
..e.#..##..##........##..........
.(......##.#......#...e.....#....
..................#.....#...#....
..........#.....@....##.##..#....
.....................##.##.......
#......#....##.#...#.#...#.......
#..###.....#####..######.........
....#.......####....##.#..##.<...
............##.#.......#.^###.#..
.......<.##.........##.#......#..
....................##..†........
...........................######


You could see Duvessa.

Vanquished Creatures
  A hound (D:4)
  A jelly (D:4)
  An orc priest (D:3)
  2 iguanas (D:4)
  A hound skeleton (D:4)
  2 adders (D:4)
  An ufetubus (D:4)
  3 worms
  10 orcs (D:3)
  4 bats
  4 endoplasms
  3 goblins
  7 hobgoblins
  3 jackals (D:3)
  2 quokkas (D:1)
  6 ball pythons
  5 frilled lizards
  6 kobolds
  A rat (D:3)
63 creatures vanquished.

Notes
Turn   | Place    | Note
-------+----------+-------------------------------------------
     0 | D:1      | Deminshera the Spriggan Hunter began the quest for the Orb.
     0 | D:1      | Reached XP level 1. HP: 10/10 MP: 2/2
    28 | D:1      | Found Fuosmuz's General Store.
    96 | D:1      | Found a faded altar of an unknown god.
   178 | D:1      | Reached skill level 5 in Slings
   178 | D:1      | Reached XP level 2. HP: 15/15 MP: 3/3
  1099 | D:2      | Reached XP level 3. HP: 18/18 MP: 4/4
  1794 | D:3      | Reached XP level 4. HP: 6/23 MP: 5/5
  2727 | D:4      | Reached XP level 5. HP: 14/27 MP: 6/6
  2898 | D:4      | Reached skill level 6 in Slings
  3256 | D:4      | Noticed Duvessa
  3256 | D:4      | Noticed Dowan
  3316 | D:4      | HP: 1/28 [Duvessa/puff of flame (6)]
  3318 | D:4      | Killed from afar by Duvessa

Illustrated notes

Levels and vault maps discovered:
D:1:      psy_arrival_heroes, layout_basic, serial_shops, shop,
          dreamdust_ecumenical_altar_statues
D:2:      layout_rooms, nrook_uturn
D:3:      layout_basic, serial_glass, glass_columns_a, glass_columns_a,
          glass_columns_a, glass_columns_c, glass_columns_a, glass_columns_b,
          chequers_arboretum
D:4:      layout_cave_pools, kennysheep_generic_room_9, uniq_duvessa

Skill      XL: |  1  2  3  4  5 |
---------------+----------------+-----
Stealth        | 2 3 4 |  4.9
Slings         | 5 6 |  6.1
Dodging        | 3 4 |  4.0
Fighting       | 2 3 |  3.0

Action                   |  1- 3 |  4- 6 || total
-------------------------+-------+-------++-------
 Fire: Hunting sling     |   152 |   140 ||   292
Armor: Robe              |     1 |     2 ||     3
Dodge: Dodged            |    13 |    28 ||    41

Table legend: (Time is in decaauts)
 A = Elapsed time spent in this place.
 B = Non-inter-level travel time spent in this place.
 C = Inter-level travel time spent in this place.
 D = Time resting spent in this place.
 E = Time spent auto-exploring this place.
 F = Levels seen in this place.
 G = Mean time per level.
                   A        B        C        D        E       F      G
               +--------+--------+--------+--------+--------+-----+--------+
         Total |   2413 |   2370 |     43 |    355 |   1500 |   4 |  603.2 |
       Dungeon |   2413 |   2370 |     43 |    355 |   1500 |   4 |  603.2 |
               +--------+--------+--------+--------+--------+-----+--------+

Top non-repeatable levels by time:
     D:3: 1033 daAuts
     D:4: 577 daAuts
     D:2: 433 daAuts
     D:1: 368 daAuts
